 Dungeon Crawl Stone Soup version 0.28.0-43-g3370ac3207 (webtiles) character file.

Game seed: 1255184689081278486

28 croobank the Firebug (level 3, -1/21 HPs)
             Began as an Octopode Fire Elementalist on Mar 22, 2022.
             Slain by a goblin
             ... wielding a +0 club
             ... led by Robin
              (6 damage)
             ... on level 1 of the Dungeon.
             The game lasted 00:03:19 (1872 turns).

croobank the Firebug (Octopode Fire Elementalist)   Turns: 1872, Time: 00:03:20

Health: -1/21      AC:  1    Str:  7    XL:     3   Next: 12%
Magic:  5/6        EV: 13    Int: 19    God:
Gold:   0          SH:  0    Dex: 12    Spells: 3/6 levels left

rFire   . . .      SeeInvis .   (no weapon)
rCold   . . .      Faith    .   (no shield)
rNeg    . . .      Spirit   .   (helmet restricted)
rPois   .          Reflect  .   (no amulet)
rElec   .          Harm     .   (no ring)
rCorr   .          Rampage  .   (no ring)
Will    .....                   (no ring)
Stlth   +++.......              (no ring)
HPRegen 0.07/turn               (no ring)
MPRegen 0.10/turn               (no ring)
                                (no ring)
                                (no ring)

@: no status effects
A: almost no armour, amphibious, 8 rings, camouflage 1, gelatinous body 1,
(nimble swimmer 1), tentacles
a: no special abilities


You were on level 1 of the Dungeon.
You visited 1 branch of the dungeon, and saw 2 of its levels.

Inventory:

Missiles
 a - 19 arrows
 f - 17 stones
Potions
 c - a potion of resistance
 e - a potion of flight {unknown}


   Skills:
 + Level 2.3 Dodging
 + Level 3.2 Stealth
 + Level 2.3 Spellcasting
 + Level 1.4 Conjurations
 + Level 3.2 Fire Magic


You had 3 spell levels left.
You knew the following spells:

 Your Spells              Type           Power      Damage    Failure   Level
a - Foxfire               Conj/Fire      44%        2x1d6     6%          1
b - Scorch                Fire           28%        2d6       7%          2

Your spell library contained the following spells:

 Spells                   Type           Power      Damage    Failure   Level
 Conjure Flame            Conj/Fire      11%        6-21      19%         3
 Inner Flame              Hex/Fire       8%         N/A       26%         3
 Flame Wave               Conj/Fire      11%        2d5       52%         4


Dungeon Overview and Level Annotations

Branches:
Dungeon (2/15)

Altars:

Annotations:
D:2 Robin


Innate Abilities, Weirdness & Mutations

You cannot wear most types of armour.
You are amphibious.
You can wear up to eight rings at the same time.
Your skin changes colour to match your surroundings (Stealth+).
Your rubbery body absorbs attacks. (AC +1, EV +1)
((You are camouflaged when in or above water. (Stealth+)))
You have tentacles for arms and can constrict up to eight enemies at once.


Message History

Robin roars a battlecry!
The goblins go into a battle-frenzy!
The goblin hits you with a +0 club.
You climb upwards.
There is a stone staircase leading down here.
Casting: Foxfire (safe; 6% risk of failure)
Confirm with . or Enter, or press ? or * to list all spells.
Flames lash the goblin.
You kill the goblin!
The goblin hits you with a +0 club.
Casting: Scorch (safe; 7% risk of failure)
Confirm with . or Enter, or press ? or * to list all spells.
Flames lash the goblin.
You kill the goblin!
You start resting.
Magic restored.
You start resting.
HP restored.
You climb downwards.
Level annotation: Robin The goblin barely misses you.
Robin roars a battlecry!
The goblins go into a battle-frenzy!
The jackal closely misses you.
The goblin hits you with a +1 dagger of protection.
The jackal misses you.
You hear a shout!
There is a stone staircase leading up here.
The jackal barely misses you. The jackal closely misses you.
The goblin barely misses you. Robin throws the goblin at you!
The goblin hits you with a +1 dagger of protection.
The goblin closely misses you.
You climb upwards.
There is a stone staircase leading down here.
Casting: Scorch (safe; 7% risk of failure)
Confirm with . or Enter, or press ? or * to list all spells.
You conjure some foxfire!
The jackal bites you. x2
* * * LOW HITPOINT WARNING * * *
The goblin hits you with a +0 club.
You die...

#..........##.####.## #.#
.#............# #.# #.#
..#...#....#### #.# #.#
...#...#.....# ##+## #.##
....#........# ##...## #..#
.....#.#.#.#.###.....## ###.#
..#........#.##.......## ##.#.#
...#.#....##.#..hg.....####....#
.........##..'..@h.....'.).....#
.....#..###..#.gvv.....####...##
.......####..##.......## ##..#
###..###...>.###.....## ##.#
#####.###### ##...## #.# #.#
##+## #.# #.# #.# #.# #.#
########.# #.# #.# #......).##
#.#


You could see 2 jackals and 2 goblins.

Vanquished Creatures
  2 endoplasms (D:1)
  A giant cockroach (D:1)
  3 hobgoblins (D:1)
  2 quokkas (D:1)
  3 bats (D:1)
  A frilled lizard (D:1)
  8 goblins
  2 kobolds (D:1)
  3 rats (D:1)
25 creatures vanquished.

Vanquished Creatures (others)
  49 foxfires
49 creatures vanquished.

Grand Total: 74 creatures vanquished

Notes
Turn   | Place    | Note
-------+----------+-------------------------------------------
     0 | D:1      | croobank the Octopode Fire Elementalist began the quest for
                  | the Orb.
     0 | D:1      | Reached XP level 1. HP: 11/11 MP: 3/3
   666 | D:1      | Reached XP level 2. HP: 17/17 MP: 1/5
   669 | D:1      | Learned a level 2 spell: Scorch
  1501 | D:1      | Reached XP level 3. HP: 21/21 MP: 3/6
  1788 | D:2      | Noticed Robin
  1872 | D:1      | Slain by a goblin

Illustrated notes

Levels and vault maps discovered:
D:1:      eino_arrival_tree_alley, layout_loops_corners,
          hangedman_decor_opposing
D:2:      minmay_alternating_diamond, layout_rooms,
          ebering_ecumenical_altar_box, uniq_robin

Skill      XL: |  1  2 |
---------------+-------+-----
Stealth        | 3 |  3.2
Dodging        | |  2.3
Spellcasting   | |  2.3
Conjurations   | |  1.4
Fire Magic     | |  3.2

Action                   || total
-------------------------++-------
Melee: Unarmed           ||     8
       Constrict         ||     1
       Tentacles         ||     1
 Cast: Foxfire           ||    31
       Scorch            ||     6
  Use: Scroll            ||     4
Armor: Skin              ||     2
Dodge: Dodged            ||    19
